Map: Chantier naval orbital

Players

Oliiiiii

  • Race: Terran Terran
  • League: Silver

pupu - Winner!

  • Race: Protoss Protoss
  • League: Gold

VOD

Have the link to the VOD?

Description

Time

  • Played on: March 20, 2016, 12:35 p.m.
  • Length: 24:28
Show
View Real Time Build Order
Export as new Build Order

Oliiiiii Terran 

Build Orders:  

Get SALT Encoding   

  12  0:11  Supply Depot  
  12  0:13  SCV  
  13  0:26  SCV  
  14  0:35  Barracks  
  14  0:40  SCV  
  15  0:48  Supply Depot  
  15  0:52  SCV  
  17  1:04  SCV  
  17  1:10  Barracks  
  17  1:16  SCV  
  18  1:28  SCV  
  18  1:40  Marine  
  18  1:44  Orbital Command  
  19  2:05  Barracks  
  19  2:29  Barracks  
  19  2:31  Barracks  
  19  2:37  Marine x2  
  21  2:55  Command Center  
  21  3:05  Marine x2  
  21  3:06  Marine  
  24  3:17  Barracks  
  24  3:19  Refinery  
  24  3:22  Engineering Bay  
  23  3:36  Marine x3  
  23  3:37  Marine x2  
  27  3:52  Refinery  
  27  3:54  Marine x3  
  30  4:05  Refinery  
  30  4:07  Marine  
  31  4:11  Refinery  
  31  4:14  SCV  
  32  4:36  Barracks Tech Lab  
  32  4:38  Factory  
  32  4:47  Orbital Command  
  28  5:19  SCV x2  
  30  5:31  SCV x2  
  32  5:41  Barracks Tech Lab x3  
  32  5:45  Barracks Tech Lab  
  32  5:49  Barracks Tech Lab  
  32  5:52  SCV  
  35  6:04  Marauder  
  35  6:05  SCV  
  36  6:14  Factory Tech Lab  
  36  6:17  Concussive Shells  
  36  6:20  SCV  
  41  6:39  Missile Turret  
  37  6:42  Missile Turret  
  37  6:43  SCV x2  
  39  6:49  Supply Depot  
  39  6:54  Siege Tank  
  39  6:55  SCV  
  39  6:56  SCV  
  44  7:09  Missile Turret, Combat Shields  
  44  7:12  Stimpack  
  44  7:14  SCV  
  44  7:15  SCV  
  46  7:20  Hi-Sec Auto Tracking  
  46  7:32  Missile Turret  
  46  7:46  Siege Tank  
  53  7:56  Supply Depot  
  53  7:58  Supply Depot x2  
  49  8:00  Marauder x2  
  49  8:04  SCV  
  54  8:18  SCV x2  
  54  8:19  Marauder x2  
  60  8:26  Terran Infantry Armor Level 1  
  60  8:42  Marauder  
  60  8:43  Marauder x2  
  66  8:52  SCV  
  66  8:53  SCV  
  68  8:59  Siege Tank  
  71  9:05  SCV x2  
  73  9:26  Missile Turret, Starport  
  73  9:30  Starport  
  73  9:31  Widow Mine  
  75  9:40  Marauder  
  77  9:48  Supply Depot  
  77  9:49  Supply Depot x2  
  77  10:10  Marauder x2  
  77  10:14  Supply Depot  
  73  10:22  Liberator x2  
  51  10:33  Marauder  
  51  10:34  Marauder x5  
  57  10:37  Siege Tank  
  66  11:08  Widow Mine  
  68  11:19  Missile Turret  
  68  11:37  Liberator x2  
  63  11:57  Siege Tank  
  63  11:58  Marauder x5  
  63  11:59  Marauder  
  84  12:19  Marauder x2  
  84  12:20  Liberator x2  
  94  12:49  Missile Turret  
  94  12:50  Missile Turret x2  
  94  12:51  Missile Turret  
  94  12:53  Missile Turret x2  
  94  13:00  Missile Turret  
  94  13:04  Missile Turret  
  94  13:07  Missile Turret  
  94  13:09  Missile Turret  
  94  13:11  Missile Turret  
  94  13:12  Missile Turret x3  
  94  13:35  Command Center  
  94  13:47  Starport Tech Lab  
  94  13:49  Starport Tech Lab  
  94  13:57  Fusion Core  
  89  15:07  Advanced Ballistics  
  89  15:10  Cloaking Field  
  89  15:13  Banshee  
  92  15:18  Liberator  
  95  16:45  Terran Infantry Weapons Level 1  
  95  16:48  Battlecruiser x2  
  95  16:51  Weapon Refit  
  107  17:04  Armory  
  107  17:07  Armory  
  107  17:19  Hyperflight Rotors  
  107  17:34  Behemoth Reactor  
  107  18:02  Supply Depot  
  107  18:24  Battlecruiser  
  113  18:44  Battlecruiser  
  104  19:28  Battlecruiser  
  110  19:31  Liberator  
  110  20:14  Liberator  
  110  20:15  Liberator  
  94  21:14  Battlecruiser  
  100  21:20  Supply Depot  
  100  21:39  Supply Depot  
  100  21:41  Battlecruiser  
  100  21:42  Supply Depot  
Show
View Real Time Build Order
Export as new Build Order

pupu Protoss - Winner!

Build Orders:  

Get SALT Encoding   

  12  0:01  Probe (Chrono Boost)  
  13  0:11  Probe (Chrono Boost)  
  14  0:22  Pylon, Probe (Chrono Boost)  
  15  0:40  Probe (Chrono Boost), Forge  
  16  0:50  Probe (Chrono Boost)  
  16  0:54  Gateway  
  17  1:01  Probe (Chrono Boost)  
  17  1:04  Assimilator  
  18  1:11  Probe (Chrono Boost)  
  19  1:22  Probe (Chrono Boost)  
  21  1:33  Probe (Chrono Boost)  
  21  1:43  Probe (Chrono Boost)  
  22  1:54  Probe (Chrono Boost), Cybernetics Core  
  23  1:55  Pylon  
  23  2:07  Pylon  
  23  2:09  Assimilator  
  23  2:26  Probe (Chrono Boost)  
  24  2:39  Warp Gate (Chrono Boost)  
  24  2:42  Stalker  
  26  2:45  Probe (Chrono Boost)  
  27  2:54  Nexus  
  27  2:55  Pylon  
  27  2:57  Probe (Chrono Boost)  
  28  3:13  Photon Cannon  
  28  3:16  Gateway x2  
  28  3:19  Gateway  
  28  3:36  Pylon  
  28  3:37  Stalker  
  30  3:42  Probe  
  30  3:43  Protoss Ground Weapons Level 1 (Chrono Boost)  
  31  3:54  Probe  
  32  3:58  Photon Cannon  
  32  4:01  Photon Cannon  
  32  4:06  Probe  
  33  4:11  Robotics Facility  
  33  4:14  Pylon  
  33  4:15  Probe  
  33  4:18  Probe  
  35  4:30  Pylon  
  35  4:32  Gateway  
  35  4:39  Probe  
  35  4:41  Probe  
  37  4:47  Pylon  
  37  4:50  Probe  
  37  4:52  Sentry x2  
  42  4:53  Probe  
  42  4:58  Observer  
  42  5:14  Zealot  
  42  5:19  Zealot x3  
  47  5:37  Stalker  
  49  5:43  Mothership Core  
  49  5:45  Pylon, Immortal  
  55  5:56  Stalker x2  
  59  5:57  Stalker  
  61  6:10  Probe  
  61  6:11  Probe  
  63  6:20  Probe  
  63  6:23  Probe  
  65  6:36  Probe, Assimilator  
  65  6:37  Probe  
  65  6:38  Photon Cannon  
  65  6:39  Photon Cannon  
  67  6:41  Pylon  
  67  6:42  Pylon  
  67  6:43  Assimilator  
  67  6:50  Protoss Ground Armor Level 1 (Chrono Boost)  
  67  6:54  Zealot x2  
  67  6:56  Sentry  
  67  6:57  Sentry  
  67  6:58  Sentry  
  77  7:17  Immortal  
  77  7:21  Probe  
  77  7:22  Probe  
  83  7:35  Probe  
  84  7:38  Nexus  
  84  7:41  Stalker  
  84  7:42  Pylon  
  86  7:44  Pylon, Sentry  
  88  7:57  Pylon  
  88  8:01  Immortal  
  88  8:03  Pylon  
  88  8:05  Probe  
  92  8:06  Probe  
  94  8:15  Probe  
  94  8:18  Probe  
  96  8:20  Photon Cannon  
  96  8:23  Pylon  
  96  8:26  Pylon  
  96  8:30  Gateway  
  96  8:33  Gateway  
  96  8:35  Probe  
  96  8:37  Probe  
  98  8:41  Assimilator  
  98  8:46  Probe  
  99  8:53  Twilight Council  
  99  8:55  Pylon  
  99  8:59  Pylon, Probe  
  99  9:00  Probe  
  101  9:04  Observer  
  101  9:09  Sentry  
  104  9:11  Zealot x3  
  110  9:28  Photon Cannon  
  110  9:31  Photon Cannon  
  110  9:33  Photon Cannon  
  110  9:36  Probe  
  110  9:37  Photon Cannon, Probe x2  
  113  10:07  Stalker x6  
  115  10:08  Stalker  
  113  10:38  Zealot x5  
  113  10:39  Zealot x2  
  127  10:45  Probe x2  
  127  10:47  Probe  
  130  10:55  Assimilator  
  130  11:04  Dark Shrine  
  130  11:06  Photon Cannon  
  130  11:07  Photon Cannon  
  130  11:10  Photon Cannon  
  130  11:11  Photon Cannon  
  130  11:14  Photon Cannon  
  130  11:15  Photon Cannon, Protoss Ground Armor Level 2 (Chrono Boost)  
  118  11:42  Pylon  
  115  12:09  Observer  
  116  12:18  Zealot x3  
  116  12:19  Zealot x4  
  130  12:31  Observer  
  131  12:40  Gateway  
  131  12:41  Stalker  
  131  12:42  Stalker x6  
  145  12:56  Gateway  
  145  12:58  Gateway  
  145  13:00  Gateway  
  145  13:01  Gateway  
  145  13:05  Pylon  
  145  13:06  Pylon  
  145  13:09  Pylon  
  145  13:12  Pylon  
  145  13:13  Protoss Shields Level 1 (Chrono Boost)  
  145  13:15  Pylon  
  145  13:17  Pylon  
  145  13:27  Stalker x4  
  145  13:28  Stalker x3  
  159  13:51  Warp Prism  
  161  14:04  Stalker x2  
  161  14:05  Stalker x6  
  177  14:40  Warp Prism  
  178  14:59  Stargate  
  178  15:01  Stargate  
  178  15:02  Nexus  
  178  15:12  Pylon  
  178  15:15  Pylon  
  178  15:17  Pylon  
  178  15:19  Assimilator  
  178  15:20  Pylon  
  178  15:22  Pylon  
  178  15:26  Pylon  
  178  15:29  Pylon  
  178  15:33  Stalker x5  
  178  15:34  Stalker x2  
  192  15:40  Void Ray (Chrono Boost)  
  192  15:43  Void Ray (Chrono Boost)  
  200  15:50  Protoss Air Weapons Level 1 (Chrono Boost)  
  200  15:52  Protoss Shields Level 2  
  153  19:01  Void Ray  
  131  19:07  Void Ray  
  139  19:13  Zealot x4  
  147  19:17  Stalker x4  
  147  19:18  Stalker x4  
  163  19:41  Void Ray (Chrono Boost)  
  163  19:42  Blink  
  167  19:48  Dark Templar x6  
  167  19:49  Dark Templar x6  
  167  19:50  Void Ray (Chrono Boost)  
  195  19:53  Archon x4  
  195  19:54  Archon x2  
  195  20:08  Protoss Air Armor Level 1  
  191  20:22  Void Ray (Chrono Boost)  
  195  20:30  Void Ray (Chrono Boost)  
  139  21:00  Void Ray (Chrono Boost)  
  139  21:04  Dark Templar x6  
  127  21:05  Dark Templar x2  
  127  21:07  Void Ray (Chrono Boost)  
  127  21:08  Archon x3  
  127  21:09  Archon  
  145  21:24  Dark Templar x3  
  151  21:26  Stalker  
  151  21:30  Archon  
  153  21:36  Zealot x2  
  153  21:37  Zealot x5, Void Ray (Chrono Boost)  
  153  21:38  Zealot  
  173  21:43  Charge  
  173  21:44  Void Ray (Chrono Boost)  
  177  22:01  Stalker  
  177  22:08  Stalker  
  181  22:14  Void Ray (Chrono Boost)  
  183  22:21  Void Ray (Chrono Boost)  
  187  22:23  Stalker x2  
  193  22:51  Void Ray (Chrono Boost)  
  115  23:34  Stalker  
  115  23:35  Stalker  
  115  23:36  Stalker  
  109  24:07  Stalker  
  109  24:08  Stalker x4  
  109  24:09  Stalker  
Tags
 
Add a new tag
Caveats
  • Supply blocks, unpowered buildings, or Contaminate may cause inaccurate times.
  • Supply counts are checked every 10 seconds.